 Dungeon Crawl Stone Soup version 0.27-a0-1299-g1ab19c6527 (webtiles) character file.

Game seed: 17371126585305367582

438 mordus the Poker (level 6, -2/51 HPs)
             Began as a Draconian Monk on June 14, 2021.
             Slain by Edmund (11 damage)
             ... on level 4 of the Dungeon on June 16, 2021.
             The game lasted 00:13:39 (6524 turns).

mordus the Poker (Draconian Monk)                   Turns: 6524, Time: 00:13:39

Health: -2/51      AC:  6    Str: 15    XL:     6   Next: 69%
Magic:  6/6        EV: 12    Int: 11    God:
Gold:   131        SH:  5    Dex: 13    Spells: 5/5 levels left

rFire    . . .     SeeInvis .   o - +0 trident
rCold    . . .     Faith    .   k - +0 buckler
rNeg     . . .     Spirit   .   (armour unavailable)
rPois    .         Reflect  .   (helmet restricted)
rElec    .         Harm     .   (no cloak)
rCorr    .         Rampage  .   (no gloves)
Will     .....                  (no boots)
Stlth    ++........             (no amulet)
HPRegen  0.17/turn              (no ring)
MPRegen  0.10/turn              (no ring)

@: on berserk cooldown, slowed, very slow
A: AC +6, unfitting armour, cold-blooded
a: no special abilities


You were on level 4 of the Dungeon.
You visited 1 branch of the dungeon, and saw 4 of its levels.

You collected 131 gold pieces.

Inventory:

Hand Weapons
 a - a +0 spear
 o - a +0 trident (weapon)
Armour
 k - a +0 buckler (worn)
Jewellery
 f - a ring of positive energy
 m - a ring of fire
 p - an amulet of the acrobat
Scrolls
 c - 2 scrolls of magic mapping {unknown}
 d - 3 scrolls of teleportation {unknown}
 e - a scroll of silence {unknown}
 g - 2 scrolls of holy word {unknown}
 h - 5 scrolls of identify {unknown}
 n - a scroll of immolation {unknown}
 q - a scroll of brand weapon {unknown}
 r - a scroll of enchant weapon {unknown}
Potions
 i - a potion of haste {unknown}
 j - 3 potions of brilliance {unknown}
 l - 3 potions of degeneration {unknown}
 s - a potion of mutation {unknown}


   Skills:
 - Level 3.2 Fighting
 + Level 6.2 Polearms
 - Level 2.6 Dodging
 - Level 1.7 Stealth
 + Level 4.1 Shields


You had 5 spell levels left.
You didn't know any spells.
Your spell library contained the following spells:

 Spells                   Type           Power      Damage    Failure   Level
 Magic Dart               Conj           0%         1d3       34%         1
 Summon Small Mammal      Summ           0%         N/A       34%         1
 Blink                    Tloc           N/A        N/A       47%         2
 Call Imp                 Summ           0%         N/A       47%         2
 Slow                     Hex            0%         N/A       47%         2
 Call Canine Familiar     Summ           0%         N/A       71%         3
 Conjure Flame            Conj/Fire      0%         6-21      71%         3
 Mephitic Cloud           Conj/Pois/Air  0%         N/A       71%         3
 Summon Guardian Golem    Hex/Summ       0%         N/A       71%         3
 Summon Ice Beast         Ice/Summ       0%         N/A       98%         4
 Summon Lightning Spire   Summ/Air       0%         N/A       98%         4


Dungeon Overview and Level Annotations

Branches:
Dungeon (4/15)             Temple (0/1) D:4

Altars:
Ru
Vehumet

Annotations:
D:4 1 runed translucent door, Edmund; ZappyNine's ghost, amateur DEFE


Innate Abilities, Weirdness & Mutations

Your plain brown scales are hard. (AC +6)
You cannot fit into any form of body armour.
You are cold-blooded and may be slowed by cold attacks.


Message History

Edmund hits you but does no damage.
You barely miss Edmund.
Edmund is lightly wounded.
Edmund hits you but does no damage.
You hit Edmund. You tail-slap Edmund, but do no damage.
Edmund is moderately wounded.
Edmund hits you with a +2 dire flail of protection.
You hit Edmund but do no damage.
Edmund is moderately wounded.
You hit Edmund.
Edmund is moderately wounded.
Edmund hits you with a +2 dire flail of protection!
You hit Edmund but do no damage.
Edmund is moderately wounded.
You puncture Edmund!
Edmund is heavily wounded.
Edmund hits you with a +2 dire flail of protection.
You barely miss Edmund.
Edmund is heavily wounded.
Edmund barely misses you.
You puncture Edmund!
Edmund is severely wounded.
You are no longer berserk.
You are exhausted.
You feel yourself slow down.
You hit Edmund but do no damage.
Edmund is severely wounded.
Edmund hits you with a +2 dire flail of protection!
* * * LOW HITPOINT WARNING * * *
Edmund hits you with a +2 dire flail of protection.
* * * LOW HITPOINT WARNING * * *
You hit Edmund. You tail-slap Edmund.
Edmund is almost dead.
Edmund says, "People accused me of being a cutpurse!"
Edmund misses you.
You barely miss Edmund.
Edmund is almost dead.
You block Edmund's attack.
Edmund hits you with a +2 dire flail of protection!
You die...

#.#.#.#......#.#.#.#
#......
#.#.#......#.#.#[..#
#......
#.#.#...####.#.#.#####
#......
#.#.#...####........<#
#......
'.#.#.#......#.#.#####
#......
#.#.#.#.####.#.#.#
#......
#.#.#........#.#.#
#......
###.####.#####.#.#
#######
...............#@#
###.###....#####@#
#.##.....# #.#
#.##°○.☼.# #.########
###'##..☼.○#
#........#
#.......°..#
#........#
...........#
#........#
......#..'###
###'###..#
............# #.....#
.'


You could see Edmund.

Vanquished Creatures
  An ogre (D:4)
  A phantom (D:3)
  An orc priest (D:2)
  An iguana (D:4)
  Natasha (twice) (D:2)
  A scorpion zombie (D:3)
  A hound skeleton (D:3)
  Robin (D:2)
  4 gnolls
  2 adder skeletons (D:3)
  An adder zombie (D:3)
  2 dart slugs
  A worm (D:2)
  4 orcs
  5 ball pythons
  6 endoplasms
  6 giant cockroaches
  11 goblins
  5 hobgoblins
  6 kobolds
  2 quokkas
  A ball python skeleton (D:3)
  A ball python zombie (D:3)
  6 bats
  A frilled lizard (D:3)
  A jackal skeleton (D:3)
  A quokka zombie (D:3)
  3 rats
78 creatures vanquished.

Vanquished Creatures (others)
  A ball python (D:4)
  An endoplasm (D:4)
  2 withered plants (D:3)
4 creatures vanquished.

Grand Total: 82 creatures vanquished

Notes
Turn   | Place    | Note
-------+----------+-------------------------------------------
     0 | D:1      | mordus the Draconian Monk began the quest for the Orb.
     0 | D:1      | Reached XP level 1. HP: 19/19 MP: 1/1
   181 | D:1      | Reached XP level 2. HP: 26/26 MP: 2/2
   194 | D:1      | Found a faded altar of an unknown god.
   723 | D:1      | Reached skill level 4 in Polearms
  1014 | D:1      | Reached XP level 3. HP: 31/31 MP: 3/3
  1699 | D:2      | Noticed Robin
  2007 | D:2      | Killed Robin
  2008 | D:2      | Reached skill level 1 in Shields
  2270 | D:2      | Noticed Natasha
  2281 | D:2      | Killed Natasha
  2282 | D:2      | Reached XP level 4. HP: 11/38 MP: 4/4
  2954 | D:2      | Noticed Natasha
  2977 | D:2      | Killed Natasha
  2978 | D:2      | Reached skill level 5 in Polearms
  3270 | D:3      | Reached XP level 5. HP: 40/45 MP: 5/5
  3739 | D:3      | Noticed a phantom
  3763 | D:3      | Killed a phantom
  4724 | D:2      | Reached XP level 6. HP: 43/51 MP: 6/6
  5486 | D:4      | Found a sacrificial altar of Ru.
  5491 | D:4      | Reached skill level 6 in Polearms
  5491 | D:4      | Upgraded the game from 0.27-a0-1287-gca74d27db6 to
                  | 0.27-a0-1299-g1ab19c6527
  5579 | D:4      | Noticed ZappyNine's ghost (amateur DEFE)
  5582 | D:4      | Found a runed translucent door.
  5613 | D:4      | Found a radiant altar of Vehumet.
  5623 | D:4      | Noticed Edmund
  5624 | D:4      | Found a staircase to the Ecumenical Temple.
  6524 | D:4      | Slain by Edmund

Illustrated notes

Levels and vault maps discovered:
D:1:      lemuel_arrival_broad_hall, layout_basic,
          shapermc_ecumenical_altar_mp_ritualfount, minmay_pentomino_p2
D:2:      layout_basic, uniq_natasha, uniq_robin
D:3:      layout_loops_corners, serial_undead, serial_undead_c, serial_undead_b,
          serial_undead_c, serial_undead_e, serial_undead_c, serial_undead_e
D:4:      layout_basic, fiery_altar_vehumet, lemuel_tele_altar,
          lemuel_round_altar, temple_green, hellmonk_ghost_happy_afterlife,
          grunt_decor_arrowhead, chequers_serial_rivers_room_b, uniq_edmund

Skill      XL: |  1  2  3  4  5  6 |
---------------+-------------------+-----
Polearms       | 4 5 6 |  6.2
Shields        | 1 2 3 4 |  4.1
Fighting       | |  3.2
Dodging        | |  2.6
Stealth        | |  1.7

Action                   |  1- 3 |  4- 6 || total
-------------------------+-------+-------++-------
Melee: Spear             |   162 |   163 ||   325
       Tailslap          |    12 |    35 ||    47
       Trident           |       |    86 ||    86
  Use: Potion            |       |     1 ||     1
 Stab: Sleeping          |     4 |     4 ||     8
Armor: Skin              |    23 |    39 ||    62
Dodge: Dodged            |    50 |   109 ||   159
Block: Buckler           |    10 |    45 ||    55

Table legend: (Time is in decaauts)
 A = Elapsed time spent in this place.
 B = Non-inter-level travel time spent in this place.
 C = Inter-level travel time spent in this place.
 D = Time resting spent in this place.
 E = Time spent auto-exploring this place.
 F = Levels seen in this place.
 G = Mean time per level.
                   A        B        C        D        E       F      G
               +--------+--------+--------+--------+--------+-----+--------+
         Total |   6506 |   6326 |    180 |   2378 |   2932 |   4 | 1626.5 |
       Dungeon |   6506 |   6326 |    180 |   2378 |   2932 |   4 | 1626.5 |
               +--------+--------+--------+--------+--------+-----+--------+

Top non-repeatable levels by time:
     D:2: 2075 daAuts
     D:3: 1901 daAuts
     D:1: 1714 daAuts
     D:4: 815 daAuts
